 Dungeon Crawl Stone Soup version 0.24.0-1-gfbc8707122 (webtiles) character file.

Game seed: 6456280969804732596, levelgen mode: deterministic

77 xight the Firebug (level 4, -1/24 HPs)
             Began as a Deep Elf Fire Elementalist on Oct 26, 2019.
             Slain by an orc wizard
             ... wielding a +0 dagger
              (5 damage)
             ... on level 3 of the Dungeon.
             The game lasted 00:06:15 (2340 turns).

xight the Firebug (Deep Elf Fire Elementalist)      Turns: 2340, Time: 00:06:16

Health: -1/24      AC:  2    Str:  5    XL:     4   Next: 14%
Magic:  5/11       EV: 13    Int: 21    God:
Gold:   131        SH:  0    Dex: 15    Spells: 1/10 levels left

rFire    . . .     SeeInvis .   (no weapon)
rCold    . . .     Gourm    .   (no shield)
rNeg     . . .     Faith    .   a - +0 robe
rPois    .         Spirit   .   (no helmet)
rElec    .         Reflect  .   (no cloak)
rCorr    .         Harm     .   (no gloves)
MR       .....                  (no boots)
Stlth    +.........             (no amulet)
HPRegen  0.08/turn              (no ring)
MPRegen  0.12/turn              (no ring)

@: confused, very slightly contaminated
A: no striking features
a: no special abilities


You were on level 3 of the Dungeon.
You were hungry.

You visited 1 branch of the dungeon, and saw 3 of its levels.

You collected 131 gold pieces.

Inventory:

Armour
 a - a +0 robe (worn)
Jewellery
 h - an uncursed ring of magical power {unknown}
Wands
 r - a wand of iceblast (10)
Scrolls
 d - a scroll of fog {unknown}
 f - a scroll of fear {unknown}
 i - a scroll of magic mapping {unknown}
 j - a scroll of immolation {unknown}
 k - a scroll of remove curse {unknown}
 l - 2 scrolls of identify {unknown}
 m - 2 scrolls of enchant weapon {unknown}
 n - a scroll of teleportation {unknown}
 o - 2 scrolls of enchant armour {unknown}
 p - 2 scrolls of amnesia {unknown}
 q - a scroll of random uselessness {unknown}
Potions
 b - a potion of resistance {unknown}
 e - a potion of cancellation {unknown}
 g - a potion of flight {unknown}
 s - a potion of degeneration {unknown}
 t - a potion of lignification {unknown}
 u - 2 potions of curing {unknown}
Comestibles
 c - 4 rations


   Skills:
 + Level 2.7 Dodging
 + Level 3.0 Stealth
 * Level 3.9 Spellcasting
 * Level 2.3 Conjurations
 * Level 4.1 Fire Magic


You had one spell level left.
You knew the following spells:

 Your Spells              Type           Power        Failure   Level  Hunger
a - Flame Tongue          Conj/Fire      ###..        3%          1    None
b - Throw Flame           Conj/Fire      ###...       4%          2    #......
c - Conjure Flame         Conj/Fire      ###.....     10%         3    ###....
g - Inner Flame           Hex/Fire       ##......     16%         3    ###....

Your spell library contained the following spells:

 Spells                   Type           Power        Failure   Level  Hunger
 Sticky Flame             Conj/Fire      ###.....     32%         4    ####...
 Fireball                 Conj/Fire      ###.......   65%         5    ######.


Dungeon Overview and Level Annotations

Branches:
Dungeon (3/15)

Altars:


Message History

Confirm with . or Enter, or press ? or * to list all spells.
Aiming: Flame Tongue (safe; 3% risk of failure)
Press: ? - help, Shift-Dir - straight line, f - orc wizard
Aim: an orc wizard, wielding a +0 dagger and wearing a +0 robe (heavily wounded)
The flame tongue hits the orc wizard.
The orc wizard is heavily wounded.
The orc wizard points at you and mumbles some strange words.
You are confused.
You're too confused to cast spells.
Sorry, you're not good enough to have a special ability.
Unknown command.
You bump into the rock wall.
The orc wizard gestures at you while chanting.
The magic dart hits you!
* * * LOW HITPOINT WARNING * * *
You're too confused to move!
The orc wizard hits you but does no damage.
You bump into the rock wall.
The orc wizard hits you with a +0 dagger.
You die...

o#... ...#.# #.#
.o...#####.#.# #.#
.#.#.........# #.#
... #.##..###.#.#
######.g(......#.#
#...(..##g#(####.#
#.###.###.....##.#
#.#.........#.##.#
#...#.#######.##@#
#####.........go.#
##############.###
...)...........#
################


You could see an orc wizard and a hobgoblin.

Vanquished Creatures
  2 adders (D:2)
  2 oozes (D:3)
  A worm (D:1)
  2 dart slugs (D:2)
  A leopard gecko (D:2)
  An orc (D:3)
  5 bats
  A giant cockroach (D:1)
  3 goblins
  4 hobgoblins
  7 kobolds
  3 quokkas
  6 frilled lizards
  9 rats
47 creatures vanquished.

Notes
Turn   | Place    | Note
-------+----------+-------------------------------------------
     0 | D:1      | xight the Deep Elf Fire Elementalist began the quest for
                  | the Orb.
     0 | D:1      | Reached XP level 1. HP: 10/10 MP: 6/6
   216 | D:1      | Reached XP level 2. HP: 15/15 MP: 5/8
   521 | D:1      | Learned a level 2 spell: Throw Flame
  1155 | D:1      | Reached XP level 3. HP: 13/19 MP: 6/10
  1871 | D:2      | Reached skill level 4 in Fire Magic
  2181 | D:3      | Reached XP level 4. HP: 24/24 MP: 6/11
  2226 | D:3      | Learned a level 3 spell: Conjure Flame
  2230 | D:3      | Learned a level 3 spell: Inner Flame
  2340 | D:3      | Slain by an orc wizard

Levels and vault maps discovered:
D:1:      onia_arrival_larder, layout_basic
D:2:      layout_rooms, minmay_goblin_outpost
D:3:      layout_basic

Skill      XL: |  1  2  3 |
---------------+----------+-----
Conjurations   | 2 |  2.3
Fire Magic     | 4 |  4.1
Stealth        | 3 |  3.0
Dodging        | |  2.7
Spellcasting   | |  3.9

Action                   |  1- 3 |  4- 6 || total
-------------------------+-------+-------++-------
 Cast: Flame Tongue      |    40 |    10 ||    50
       Throw Flame       |    30 |     2 ||    32
  Eat: Chunk             |     4 |       ||     4
Dodge: Dodged            |     7 |    10 ||    17
